[Event "AI Cup Div-3 2023"]
[Site "Online"]
[Date "2023.09.27"]
[Round "54.3"]
[White "Tomashevsky, Evgeny"]
[Black "Radjabov, Teimour"]
[Result "1-0"]
[Annotator "TA"]
[ECO "A14"]
[WhiteElo "2694"]
[BlackElo "2745"]
[PlyCount "60"]
[EventDate "2023.09.18"]
[EventType "k.o."]
[EventCountry "NET"]
[SourceTitle "playchess.com"]
[Source "ChessBase"]
[SourceQuality "1"]
[TimeControl "900+3"]

1. c4 Nf6 2. Nf3 e6 3. g3 d5 4. Bg2 Be7 5. O-O O-O 6. b3 c5 7. Bb2 {[%emt 0:00:31] 7.cxd5 is the hot move.} d4 {[%emt 0:00:10] A14: English Opening: 1...e6 with b3 by White.} 8. b4 Re8 9. d3 a5 {[%emt 0:00:18] [#] The position is equal.} 10. b5 $146 ({Predecessor:} 10. bxc5 Nc6 11. Na3 Bxc5 12. Nb5 e5 13. Nd2 a4 14. Ba3 Bxa3 15. Nxa3 Qe7 16. Qc1 {0-1 Ibarra Jerez,J (2570)-Wagner,D (2584) Titled Tuesday intern op 21st Jun Late blitz 2022 (5)}) 10... Bd6 11. e4 {[%emt 0:00:38] And now e5 would win.} e5 12. Bc1 Nbd7 13. Nh4 g6 14. a4 Nf8 15. Ra2 Be7 16. Nd2 Bg4 17. Qe1 Nh5 18. Bf3 Bxf3 19. Ndxf3 Ne6 20. Ng2 Bf6 21. Kh1 Qd7 22. Ng1 Bg7 (22... Bd8 $11) 23. Qd1 $16 Rf8 (23... Nd8 $14) 24. f4 $1 exf4 25. gxf4 f5 {[%emt 0:00:04] [#]} 26. exf5 Rxf5 {[%emt 0:00:04] [#]} 27. Nh4 $1 Rxf4 28. Bxf4 Nexf4 29. Ng2 Nxg2 (29... g5 $16 {is a better defense.}) 30. Rxg2 $18 Bh6 $2 {[%emt 0:00:03] Weighted Error Value: White=0.06 (flawless) /Black=0.17 (very precise)} (30... Re8 31. Rgf2 Re7) 1-0

[Event "AI Cup Div-3 2023"]
[Site "Online"]
[Date "2023.09.27"]
[Round "55.1"]
[White "Meier, Georg"]
[Black "Demchenko, Anton"]
[Result "0-1"]
[Annotator "ChessBase"]
[ECO "A49"]
[WhiteElo "2628"]
[BlackElo "2608"]
[PlyCount "82"]
[EventDate "2023.09.18"]
[EventType "k.o."]
[EventCountry "NET"]
[SourceTitle "playchess.com"]
[Source "ChessBase"]
[SourceQuality "1"]
[TimeControl "900+3"]

1. Nf3 Nf6 2. g3 g6 3. b3 Bg7 4. Bb2 d6 5. d4 O-O 6. Bg2 b5 7. O-O Bb7 8. Nbd2 Nbd7 9. a3 c5 10. c4 bxc4 11. Nxc4 a5 12. Rc1 Ra6 13. dxc5 Nxc5 14. b4 axb4 15. axb4 Ne6 16. b5 Ra2 17. Qb3 Ra8 18. Nd4 Nxd4 19. Bxd4 Bxg2 20. Kxg2 Rb8 21. Ba7 Rxb5 22. Qxb5 Qa8+ 23. f3 Qxa7 24. Nb6 Bh6 25. Rc8 Rxc8 26. Nxc8 Qc7 27. Nb6 e6 28. Qb2 Ne8 29. Qb5 Kf8 30. Ra1 Nf6 31. Qb2 Kg7 32. Qd4 e5 33. Qb4 Be3 34. Nc4 Bc5 35. Qb5 e4 36. Ra2 Bd4 37. Nd2 d5 38. Nb3 Be3 39. Qb4 h5 40. Ra8 Nd7 41. fxe4 Qc2 0-1

[Event "AI Cup Div-3 2023"]
[Site "Online"]
[Date "2023.09.27"]
[Round "55.1"]
[White "Durarbayli, Vasif"]
[Black "Tomashevsky, Evgeny"]
[Result "1-0"]
[Annotator "ChessBase"]
[ECO "C85"]
[WhiteElo "2625"]
[BlackElo "2694"]
[PlyCount "55"]
[EventDate "2023.09.18"]
[EventType "k.o."]
[EventCountry "NET"]
[SourceTitle "playchess.com"]
[Source "ChessBase"]
[SourceQuality "1"]
[TimeControl "900+3"]

1. e4 e5 2. Nf3 Nc6 3. Bb5 a6 4. Ba4 Nf6 5. O-O Be7 6. Bxc6 dxc6 7. Re1 Qd6 8. Na3 b5 9. d4 c5 10. dxe5 Qxd1 11. Rxd1 Nxe4 12. c4 Rb8 13. Re1 Bf5 14. h3 O-O 15. Bf4 g5 16. Bh2 Bg6 17. Rad1 b4 18. Nc2 Nxf2 19. Kxf2 Bxc2 20. Rd7 Rfe8 21. e6 fxe6 22. Bxc7 Rbc8 23. Rxe6 Bf8 24. Rxa6 Bg7 25. Ra7 Ra8 26. Bb6 Rxa7 27. Bxa7 Bxb2 28. Rd2 1-0

[Event "AI Cup Div-3 2023"]
[Site "Online"]
[Date "2023.09.27"]
[Round "55.2"]
[White "Tomashevsky, Evgeny"]
[Black "Durarbayli, Vasif"]
[Result "1-0"]
[Annotator "ChessBase"]
[ECO "D78"]
[WhiteElo "2694"]
[BlackElo "2625"]
[PlyCount "101"]
[EventDate "2023.09.18"]
[EventType "k.o."]
[EventCountry "NET"]
[SourceTitle "playchess.com"]
[Source "ChessBase"]
[SourceQuality "1"]
[TimeControl "900+3"]

1. c4 c6 2. Nf3 d5 3. g3 g6 4. Qa4 Nd7 5. cxd5 cxd5 6. Bg2 Bg7 7. Nc3 Ngf6 8. O-O O-O 9. d4 Nb6 10. Qb3 Ne4 11. Bf4 Be6 12. Rfc1 h6 13. Nb5 Nc4 14. Nc7 g5 15. Nxe6 fxe6 16. Be5 Nxe5 17. Nxe5 Bxe5 18. dxe5 Nxf2 19. Bf3 Ne4 20. Bxe4 dxe4 21. Qxe6+ Kg7 22. Rd1 Qb6+ 23. Qxb6 axb6 24. Rd7 Kf7 25. Rf1+ Ke6 26. Rxf8 Rxf8 27. Rxb7 e3 28. Rxb6+ Kxe5 29. a4 Rf2 30. a5 Rxe2 31. a6 Re1+ 32. Kg2 g4 33. Rb3 e2 34. Re3+ Kf6 35. b4 Ra1 36. b5 e1=Q 37. Rxe1 Rxe1 38. a7 Re2+ 39. Kg1 Ra2 40. b6 h5 41. b7 Rxa7 42. b8=Q Ra1+ 43. Kf2 Ra2+ 44. Ke3 Rxh2 45. Qf8+ Ke6 46. Qg7 Rh1 47. Qg6+ Kd7 48. Kf4 Rf1+ 49. Kg5 Rf3 50. Kh4 Rf1 51. Qd3+ 1-0

[Event "AI Cup Div-3 2023"]
[Site "Online"]
[Date "2023.09.27"]
[Round "55.2"]
[White "Demchenko, Anton"]
[Black "Meier, Georg"]
[Result "1-0"]
[Annotator "ChessBase"]
[ECO "C00"]
[WhiteElo "2608"]
[BlackElo "2628"]
[PlyCount "103"]
[EventDate "2023.09.18"]
[EventType "k.o."]
[EventCountry "NET"]
[SourceTitle "playchess.com"]
[Source "ChessBase"]
[SourceQuality "1"]
[TimeControl "900+3"]

1. e4 e6 2. d3 d5 3. Nd2 Nf6 4. e5 Nfd7 5. f4 c5 6. Ndf3 b5 7. Nh3 Nc6 8. g3 Be7 9. Bg2 Bb7 10. O-O Nb6 11. Qe2 Qd7 12. Bd2 O-O-O 13. a3 h6 14. Nf2 Kb8 15. c3 d4 16. a4 Nxa4 17. c4 Nb4 18. cxb5 Qxb5 19. f5 exf5 20. e6 fxe6 21. Qxe6 Bd6 22. Bxb4 Qxb4 23. Qa2 Bc6 24. b3 Nc3 25. Qxa7+ Kc8 26. Ra6 Bd5 27. Rb6 Rd7 28. Qa6+ Bb7 29. Rxb7 Qxb7 30. Qc4 Qb5 31. Qe6 Kd8 32. Ra1 Re8 33. Qxf5 Qxb3 34. Ra8+ Bb8 35. Bh3 Ree7 36. Qf8+ Kc7 37. Bxd7 Rxd7 38. Qxc5+ Kb7 39. Ra1 Qb6 40. Qa3 Qc6 41. Ng4 Rd5 42. Qe7+ Bc7 43. Qf8 Qd7 44. Qa8+ Kb6 45. Qa6+ Kc5 46. Nf2 Qb5 47. Qe6 Rd6 48. Ne4+ Nxe4 49. Qxe4 Kb6 50. Qa8 Rd8 51. Qa7+ Kc6 52. Rc1+ 1-0

[Event "AI Cup Div-3 2023"]
[Site "Online"]
[Date "2023.09.27"]
[Round "55.3"]
[White "Tomashevsky, Evgeny"]
[Black "Durarbayli, Vasif"]
[Result "0-1"]
[Annotator "ChessBase"]
[ECO "A30"]
[WhiteElo "2694"]
[BlackElo "2625"]
[PlyCount "114"]
[EventDate "2023.09.18"]
[EventType "k.o."]
[EventCountry "NET"]
[SourceTitle "playchess.com"]
[Source "ChessBase"]
[SourceQuality "1"]
[TimeControl "900+3"]

1. c4 c5 2. Nf3 Nf6 3. Nc3 e6 4. g3 b6 5. Bg2 Bb7 6. O-O Be7 7. d4 cxd4 8. Qxd4 d6 9. Bg5 h6 10. Bxf6 Bxf6 11. Qd3 Na6 12. Rfd1 Nc5 13. Qe3 O-O 14. Rac1 Bxc3 15. Rxc3 Qc7 16. b3 Rfd8 17. Rc2 Bc6 18. Nd4 Bxg2 19. Kxg2 a6 20. Qf3 Rac8 21. Rcd2 Nd7 22. Nc2 Ne5 23. Qf4 b5 24. cxb5 axb5 25. Nb4 Ng6 26. Qd4 d5 27. Rc2 Qb7 28. Rdc1 Rc4 29. Qd2 d4+ 30. Kg1 Rxc2 31. Qxc2 Ne7 32. Qd3 Qb6 33. Qe4 Qa5 34. Nd3 Qxa2 35. Ne5 Nd5 36. Qf3 Rf8 37. Kf1 Nc3 38. Nc6 Qb2 39. Re1 Qxb3 40. Nxd4 Qc4 41. Nc6 Nd5 42. Ne5 Qc3 43. Nd3 b4 44. Rc1 Qd4 45. Rb1 Rb8 46. Rb3 Rc8 47. Kg2 Rc3 48. Rb1 b3 49. h4 g6 50. h5 g5 51. Kh2 Kg7 52. Rd1 Nf6 53. Kg2 Rc2 54. Rb1 b2 55. Kg1 g4 56. Qe3 Qxe3 57. fxe3 Rxe2 0-1

[Event "AI Cup Div-3 2023"]
[Site "Online"]
[Date "2023.09.27"]
[Round "56.1"]
[White "Robson, Ray"]
[Black "Durarbayli, Vasif"]
[Result "1-0"]
[Annotator "TA"]
[ECO "D12"]
[WhiteElo "2699"]
[BlackElo "2625"]
[PlyCount "69"]
[EventDate "2023.09.18"]
[EventType "k.o."]
[EventCountry "NET"]
[SourceTitle "playchess.com"]
[Source "ChessBase"]
[SourceQuality "1"]
[TimeControl "900+3"]

1. d4 d5 2. c4 c6 3. Nf3 Nf6 4. e3 Bf5 5. Nh4 Be4 6. Nc3 e6 7. f3 Bg6 {[%emt 0:00:01] D12: Slav Defence: 3 Nf3 Nf6 4 e3 Bf5.} 8. Bd2 Be7 {[%emt 0:00:04] 8...Be7 is better than 8...Nbd7.} 9. Nxg6 hxg6 {[%emt 0:00:00] White is slightly better.} 10. Qc2 Qc7 11. O-O-O Rxh2 12. Rxh2 Qxh2 {[%emt 0:00:00] [#]} 13. cxd5 $146 ({Predecessor:} 13. Qb3 Qc7 14. Kb1 Nbd7 15. cxd5 Nxd5 16. Nxd5 exd5 17. e4 Nf6 18. e5 Nd7 19. f4 {1-0 Matlakov,M (2671)-Vallejo Pons,F (2711) Chess.com Rapid CGC KO 2022 (1.2)}) 13... cxd5 (13... Nxd5 $11 {remains equal.} 14. Nxd5 exd5) 14. Nxd5 $16 Nxd5 $4 (14... exd5 $2 15. Qc8+ Bd8 16. f4 $18 (16. Qxb7 Qc7+ 17. Qxc7 Bxc7 $17)) (14... Nc6 $16) 15. Qc8+ $18 Bd8 16. Bb5+ (16. Qxb7 $2 Qc7+ 17. Qxc7 Nxc7 $17) 16... Ke7 {[%emt 0:00:10] [#] aiming for ...Qc7+.} 17. e4 $2 (17. f4 $18 {[%cal Od2b4] Threatening mate with Bb4+!} Qxg2 18. Qxb7+ Bc7 19. Qxa8) 17... Qc7+ $16 18. Qxc7+ Bxc7 (18... Nxc7 {leads to mate.} 19. Bb4+ Kf6 20. e5+ Kg5 21. Bd2+ Kh4 22. Bf4 Kh5 23. Rh1+ Bh4 24. g4#) 19. exd5 Nd7 20. dxe6 fxe6 {[%emt 0:00:03] [#]} 21. d5 $1 {[%emt 0:00:14] Hoping for Bb4+.} e5 (21... exd5 $2 22. Bb4+ Ke6 23. Re1+ Ne5 24. f4 $18) 22. Bd3 {[%emt 0:00:29] White is more active.} Nf6 23. Bxg6 Bd6 24. Bc3 Rc8 25. Kb1 Rc5 26. Be4 (26. g4 $16) 26... b5 ({Black should try} 26... Nxe4 $14 27. fxe4 Rc4) 27. a3 Rc4 28. Bd3 {[%emt 0:00:11] This pair of bishops is nice.} Rc5 29. Be4 Rc4 $1 30. Bf5 Rc5 31. Be6 Rc4 32. Re1 e4 $2 (32... Bxa3 $16 {was necessary.} 33. Rxe5 Bd6) 33. fxe4 $18 {[%emt 0:00:13] e5 would be deadly.} Bg3 34. Re2 Nxe4 $2 (34... Ne8 35. Bb4+ Rxb4) 35. Bf5 {[%emt 0:00:07] Weighted Error Value: White=0.30/Black=0.55} 1-0

[Event "AI Cup Div-3 2023"]
[Site "Online"]
[Date "2023.09.27"]
[Round "56.1"]
[White "Sevian, Samuel"]
[Black "Demchenko, Anton"]
[Result "1-0"]
[Annotator "TA"]
[ECO "A00"]
[WhiteElo "2698"]
[BlackElo "2608"]
[PlyCount "131"]
[EventDate "2023.09.18"]
[EventType "k.o."]
[EventCountry "NET"]
[SourceTitle "playchess.com"]
[Source "ChessBase"]
[SourceQuality "1"]
[TimeControl "900+3"]

1. Nc3 e5 2. Nf3 Nc6 3. d4 exd4 4. Nxd4 Nf6 5. Bg5 Bb4 6. Nxc6 {[%emt 0:00:25][%mdl 64] Remove Defender. A00: Irregular Openings.} bxc6 7. Qd4 Qe7 8. O-O-O {[%emt 0:00:02] The position is equal.} Bxc3 9. bxc3 d5 {[%emt 0:00:55] ...Qa3+ is the strong threat.} (9... c5 $5 10. Bxf6 gxf6 $11) 10. Bxf6 gxf6 {[%emt 0:00:09] [#]} 11. e3 $146 ({Predecessor:} 11. e4 Bg4 12. Qa4 Qc5 13. Rxd5 Qxc3 14. Bc4 O-O 15. Qxc6 Be6 16. Rhd1 Rab8 17. R1d3 {0-1 Frick,C (2271)-Pap,M (2498) Avoine op 23rd 2008 (5)}) 11... Be6 12. Be2 Rb8 13. Qxa7 {[%emt 0:00:35] Active counter play!} O-O 14. Qd4 (14. Qa4 $1 $14) 14... c5 (14... Bf5 $11) 15. Qh4 $14 c4 {[%emt 0:00:02] Against Bd3} 16. Rd4 Bf5 17. Kd2 Be4 {[%emt 0:00:25] [#] Black is now going downhill.} (17... Bg6 $11) 18. Bxc4 $1 Rfd8 (18... c5 19. Rxd5) 19. Bd3 c5 {[%emt 0:00:03] [#]} 20. Rxd5 Rxd5 21. Qg3+ Bg6 (21... Kh8 $16 22. Qxb8+ Rd8) 22. Qxb8+ $18 Rd8 23. Qf4 Qb7 {[%emt 0:00:44] Hoping for ...Qb2.} 24. Rd1 $1 (24. Qxf6 Rxd3+ 25. cxd3 Qb2+ 26. Ke1 Qc1+ 27. Ke2 Qxh1 $11) 24... Qb2 25. Ke1 (25. Qxf6 Rxd3+ 26. Ke1 Rxd1+ 27. Kxd1 Bxc2+ 28. Ke2 Be4+ 29. Ke1 Qb1+ 30. Ke2 Qc2+ 31. Ke1 Qb1+ 32. Ke2 Qxa2+ 33. Ke1 Qb1+ 34. Kd2 Qd3+ 35. Ke1 h6 36. Qxh6 Qxc3+ 37. Ke2 Qd3+ 38. Ke1 c4 $19) 25... Qxc3+ {[%emt 0:00:03] [#]} 26. Ke2 $1 Rxd3 (26... Ra8 $142 27. a4 Kg7) 27. cxd3 {[%emt 0:00:36][%mdl 4096] Endgame KQR-KQB} Qc2+ 28. Ke1 Bxd3 29. Qg4+ (29. Qxf6 $2 Qe2#) 29... Kf8 {[%emt 0:00:02] [#]} 30. Rd2 $1 Qc3 31. Qd1 ({Stronger than} 31. Qd7 Qc1+ 32. Rd1 Qc3+ 33. Rd2 Qc1+ 34. Rd1 Qc3+ 35. Rd2 $11) 31... c4 32. f3 Kg7 33. Kf2 Qa3 34. h3 h5 35. Qa1 h4 36. Rd1 Bf5 37. e4 Be6 38. Rc1 Qc5+ 39. Kf1 Qa3 40. Rc3 Qd6 41. Qe1 Qf4 42. a4 Kg6 43. a5 Qe5 44. Qa1 {[%emt 0:00:07] Black must now prevent a6.} Qh2 45. Qe1 $2 (45. Ra3 $18) 45... Qh1+ $2 (45... Qe5 $11 46. a6 Qc7) 46. Kf2 Qh2 47. Qg1 Qe5 48. Qc1 Qxa5 49. f4 f5 50. exf5+ Kxf5 $2 (50... Qxf5 51. Qc2 Kf6 52. Qxf5+ Kxf5) 51. Re3 {[%emt 0:00:10] Strongly threatening Re5+.} Qc5 52. Kf1 Kg6 53. Kg1 ({Not} 53. Re5 Qd4 54. Qc2+ Kf6 $18) 53... Bf5 54. Kh1 (54. Qe1 $142) 54... Qc6 $2 (54... Qd4 55. Rf3 f6) 55. Qc3 {[%emt 0:00:04] White is clearly winning.} Be4 56. Kh2 {[%emt 0:00:06] And now Qe1 would win.} f5 57. Qh8 Qf6 58. Qg8+ Qg7 59. Qxc4 Kh6 60. Qe2 Qd4 61. Qf2 Qf6 62. Rb3 {[%emt 0:00:03] Threatening mate with Rb6.} Kg7 63. Qb2 Qxb2 64. Rxb2 Kf6 65. g3 hxg3+ 66. Kxg3 {[%emt 0:00:00] Weighted Error Value: White=0.15 (very precise) /Black=0.30} 1-0

[Event "AI Cup Div-3 2023"]
[Site "Online"]
[Date "2023.09.27"]
[Round "56.2"]
[White "Durarbayli, Vasif"]
[Black "Robson, Ray"]
[Result "0-1"]
[Annotator "TA"]
[ECO "C54"]
[WhiteElo "2625"]
[BlackElo "2699"]
[PlyCount "70"]
[EventDate "2023.09.18"]
[EventType "k.o."]
[EventCountry "NET"]
[SourceTitle "playchess.com"]
[Source "ChessBase"]
[SourceQuality "1"]
[TimeControl "900+3"]

1. e4 e5 2. Nf3 Nc6 3. Bc4 Nf6 4. d3 Bc5 5. O-O d6 6. c3 h6 7. Re1 (7. b4 $5 Bb6 $8 8. Nbd2 $11) 7... O-O {[%emt 0:00:03] C54: Giuoco Piano: 4 c3 Nf6, main lines with 5 d4 and 5 d3.} 8. Nbd2 (8. b4 $5 Bb6 $8 9. a4 $11) 8... a6 9. a4 Re8 {[%emt 0:00:06] The position is equal.} 10. b4 Ba7 {[%emt 0:00:05] [#]} 11. Bb2 $146 ({Predecessor:} 11. h3 Be6 12. Bxe6 Rxe6 13. Qc2 Qd7 14. Nc4 Ree8 15. b5 axb5 16. axb5 Ne7 17. Rb1 {1-0 Ganguly,S (2635)-Yilmaz,M (2630) Chess24 Banter Blitz Cup Qual-H 2020 (1.3)}) 11... Be6 12. b5 Bxc4 13. Nxc4 Ne7 14. Qc2 Ng6 15. bxa6 bxa6 16. Ne3 Qd7 17. c4 Ng4 18. d4 Nxe3 (18... exd4 {with more complications.} 19. Bxd4 Nxe3 20. Rxe3 Nh4) 19. fxe3 Rab8 20. Kh1 Rb4 21. a5 Reb8 22. Ba3 Rb3 23. Nd2 R3b7 24. Qc3 (24. d5 $15 {deserves consideration.}) 24... Qg4 25. c5 (25. d5 $142) 25... dxc5 ({And not} 25... Nh4 26. Rg1 $15) ({Better is} 25... exd4 $17 26. exd4 dxc5) 26. dxc5 ({White should try} 26. d5 $1 $15) 26... Rb5 $40 {[%emt 0:00:20][%mdl 128] Black has strong attack.} 27. h3 Qe6 {[%emt 0:00:06] Black is more active.} 28. Rac1 Ne7 29. c6 {[%emt 0:00:01] [#]} Rb3 30. Nxb3 $11 Rxb3 31. Qa1 {[%emt 0:00:50] Black must now prevent Bxe7.} Bxe3 {[%emt 0:00:02] And now ...Bd4 would win.} 32. Rc2 $1 Nxc6 {[%emt 0:00:21] next ...Nd4 is good for Black.} 33. Qa2 {[%emt 0:00:08][%cal Oc2c6] Hoping for Rxc6! White is weak on the dark squares} Bf4 34. Rxc6 $4 {[%emt 0:00:05][%mdl 8192] [#]} Rxh3+ {[%emt 0:00:02][%mdl 64] Discovered Attack} 35. gxh3 Qxa2 {[%emt 0:00:03] Weighted Error Value: White=0.28 (precise) /Black=0.10 (very precise)} 0-1

[Event "AI Cup Div-3 2023"]
[Site "Online"]
[Date "2023.09.27"]
[Round "56.2"]
[White "Demchenko, Anton"]
[Black "Sevian, Samuel"]
[Result "0-1"]
[Annotator "TA"]
[ECO "C54"]
[WhiteElo "2608"]
[BlackElo "2698"]
[PlyCount "136"]
[EventDate "2023.09.18"]
[EventType "k.o."]
[EventCountry "NET"]
[SourceTitle "playchess.com"]
[Source "ChessBase"]
[SourceQuality "1"]
[TimeControl "900+3"]

1. e4 e5 2. Nf3 Nc6 3. Bc4 Bc5 4. d3 Nf6 5. Bg5 d6 6. c3 h6 7. Bh4 a6 8. Nbd2 {[%emt 0:00:03] C54: Giuoco Piano: 4 c3 Nf6, main lines with 5 d4 and 5 d3.} Ba7 9. a4 {[%emt 0:00:12] [#]} a5 $1 $146 {[%emt 0:00:03][%mdl 8] A top novelty.} (9... g5 $5 10. Bg3 O-O $11) ({Predecessor:} 9... Qe7 10. O-O g5 11. Bg3 Nd7 12. b4 Nf8 13. b5 Nd8 14. d4 h5 15. h3 Ng6 {0-1 So,W (2753)-Gukesh,D (2758) Armageddon Grand Final W blitz 2023 (1.2)}) 10. Qe2 {[%emt 0:00:24] White has an edge.} Bd7 11. Bb3 (11. Nf1 $142) 11... Be6 12. Nc4 Rg8 13. O-O-O g5 14. Bg3 g4 15. Nh4 Nh5 $1 16. Kb1 Qf6 {[%emt 0:00:34] Prevents Nf5} 17. Qc2 O-O-O 18. Ne3 Ne7 19. Rhe1 Kb8 20. Rd2 Rg5 21. Qd1 Nxg3 22. hxg3 h5 23. Bc4 d5 (23... Bxe3 $15 24. fxe3 Rgg8) 24. exd5 (24. Nxd5 {with more complications.} Nxd5 25. exd5 Bxd5 26. Bxd5 Rxd5 27. f4) 24... Nxd5 25. Nxd5 Bxd5 26. Bxd5 Rxd5 27. Qe2 (27. f4 $11 gxf3 28. Nxf3) 27... Bb6 28. Qe4 Rd8 (28... Bxf2 $2 29. Rf1 (29. Qxd5 $2 Bxe1 30. Rd1 Bxg3 $19) 29... Qd8 30. Rdxf2 $18) (28... c6 $15) 29. Kc2 (29. f4 $5 gxf3 30. Nxf3 $14) 29... Qe6 (29... Bxf2 $2 30. Rf1 $18) 30. b3 ({White should try} 30. f4 $14 gxf3 31. Nxf3 Rxg3 32. Qxe5) 30... Qf6 ({Black should play} 30... f6 $15) 31. Ree2 (31. f4 $14 gxf3 32. Nxf3 Rxg3 33. Qxe5) 31... Rd6 (31... Qe7 $11) 32. Kb2 (32. f4 $1 $14 exf4 33. Qxf4) 32... Ka7 33. Rc2 Qd8 34. Nf5 {[%emt 0:00:54] Black keeps a firm grip on the game.} (34. Rcd2 $11) 34... Rxd3 $17 35. Nd4 {[%emt 0:00:02] [#]} exd4 $1 $19 36. Qxd3 {[%emt 0:00:15] [#]} dxc3+ $1 {[%emt 0:00:01][%mdl 64] Discovered Attack} 37. Rxc3 {[%emt 0:00:01] [#]} (37. Qxc3 $2 {perishes.} Bd4 38. Ka2 Bxc3 $19) 37... Rd5 38. Qc4 Bd4 39. Rec2 c6 {[%emt 0:00:05] ...b5 would be deadly. White is weak on the dark squares} ({Weaker is} 39... Bxc3+ 40. Qxc3 Kb8 41. Re2) 40. Ka2 Bxc3 41. Qxc3 {[%emt 0:00:00][%mdl 4096] Endgame KQR-KQR} Qe7 42. f3 (42. Qc4 $142) 42... Qe5 43. Qxe5 Rxe5 {[%emt 0:00:00] KR-KR} 44. Kb2 Kb6 45. Rf2 f5 46. Kc3 Kc5 {[%emt 0:00:01] Strongly threatening ...Re3+.} 47. Kd3 {[%emt 0:00:01] Prevents Re3+} (47. Rc2) 47... Kb4 48. Kc2 Ka3 49. fxg4 hxg4 50. Rf1 Re2+ 51. Kc3 Re3+ 52. Kc4 Rxg3 53. Rxf5 b6 54. Rf6 Rxg2 55. Kd3 Rg3+ 56. Kc4 Rxb3 57. Rxc6 Kxa4 (57... g3 $142 58. Kd5 Kxa4 59. Rg6 b5 60. Re6 g2 61. Re1 Rg3 62. Ra1+ Kb3 63. Rg1 b4 64. Ke5 Kc2 65. Kf4 Rg7 66. Kf5 b3 67. Kf6 Rg3 68. Kf5 b2 69. Kf4 b1=Q {[%mdl 64] Promotion} 70. Rxb1 Kxb1 71. Kxg3 g1=Q+ 72. Kf4 a4 73. Kf3 a3 74. Ke4 a2 75. Kf5 a1=Q 76. Ke6 Qg6+ 77. Kd7 Qa7+ 78. Kd8 Qg8#) 58. Rg6 b5+ {[%emt 0:00:01][%cal Bb6b5,Bb5b4,Bb4b3,Bb3b2][%mdl 32] Black mates.} 59. Kc5 g3 60. Kb6 Rf3 61. Rg4+ b4 62. Rg5 Ka3 63. Rxa5+ Kb2 64. Rg5 b3 65. Kb5 Kc1 66. Rc5+ Kd2 67. Ka4 b2 68. Rb5 Kc2 {[%emt 0:00:00] Weighted Error Value: White=0.81/Black=0.24 (precise)} 0-1

[Event "AI Cup Div-3 2023"]
[Site "Online"]
[Date "2023.09.28"]
[Round "57.1"]
[White "Robson, Ray"]
[Black "Sevian, Samuel"]
[Result "0-1"]
[Annotator "TA"]
[ECO "C60"]
[WhiteElo "2699"]
[BlackElo "2698"]
[PlyCount "80"]
[EventDate "2023.09.18"]
[EventType "k.o."]
[EventCountry "NET"]
[SourceTitle "playchess.com"]
[Source "ChessBase"]
[SourceQuality "1"]
[TimeControl "900+3"]

1. e4 e5 2. Nf3 Nc6 3. Bb5 a6 4. Ba4 Nf6 5. O-O d6 6. Re1 Bd7 7. c3 g6 8. d4 Bg7 9. Nbd2 {[%emt 0:01:03] 9.h3 injects fresh life into this line.} O-O 10. h3 Qe8 {[%emt 0:01:30][%cal Oc6d4] C60: Ruy Lopez: Unusual Black 3rd moves and 3...g6.} 11. Bc2 h6 $5 {[%emt 0:00:45][%mdl 4] Exploring less charted territory.} 12. Nf1 Nh5 {[%emt 0:00:01] [#] White is slightly better.} 13. Ng3 $146 ({Predecessor:} 13. Ne3 Qd8 14. Nd5 Ne7 15. dxe5 dxe5 16. Be3 Nxd5 17. exd5 f5 18. d6 Bc6 19. dxc7 Qxc7 {1-0 Sanchez Castillo,J (2103)-Montes de Oca Valerio,A (2184) DOM-ch Santo Domingo 2022 (7)}) 13... Nxg3 14. fxg3 Qe7 15. Be3 exd4 16. cxd4 Nb4 17. Bb3 c5 18. Qd2 Kh7 19. a3 (19. Bf4 $5 Bb5 20. dxc5 dxc5 21. Bd6 $16) 19... Nc6 20. Rad1 {[%emt 0:00:01] dxc5 would be deadly.} cxd4 21. Nxd4 Ne5 22. Bd5 Rab8 23. g4 Rfc8 24. g5 h5 25. Rc1 Qd8 (25... Bc6 {simplifies} 26. Bf2 Bxd5 27. exd5 Qd8) 26. Ne2 {[%emt 0:00:28] [#]} (26. b4 $11) 26... Bxh3 $1 $17 {[%emt 0:00:09][%mdl 576] Deflection} 27. Ba7 (27. Nf4 Bd7) 27... Ra8 28. Bd4 {[%emt 0:00:02] Black must now prevent Bxe5.} Bg4 29. Rf1 {[%emt 0:00:15] [#]} (29. Bxb7 $15 Rxc1 30. Nxc1) 29... Rxc1 ({Black should play} 29... Bxe2 $1 $19 30. Qxe2 (30. Rxc8 $2 Rxc8 31. Qxe2 Nf3+ {[%mdl 64] Discovered Attack} 32. Qxf3 Bxd4+ 33. Kh2 Qxg5 $19) 30... Nf3+ {[%mdl 64] Discovered Attack} 31. Qxf3 Bxd4+ 32. Kh1 Rxc1 33. Rxc1 Qxg5) 30. Nxc1 {[%emt 0:00:01] [#]} Rc8 (30... Be6 $1 $17 {aiming for ...Bxd5.} 31. Bxb7 Bc4 32. Bxa8 Bxf1) 31. Nd3 {[%emt 0:00:04] [#]} (31. Bxe5 $11 {remains equal.} dxe5 32. Rxf7) 31... Nf3+ $1 {[%emt 0:00:09][%mdl 576] Discovered Attack} 32. gxf3 Bxd4+ 33. Nf2 $2 (33. Kg2 $17 Be6 34. Bxe6 (34. Bxb7 $2 {perishes.} Rb8 $19) 34... fxe6 35. Rc1) 33... Bh3 {[%emt 0:00:25][%cal Oc8c2,Bg4h3,Bh3g2,Bg2f3][%mdl 32] Strongly threatening ...Rc2!} 34. Rd1 $2 {[%emt 0:00:02] [#]} (34. Rc1 Rxc1+ 35. Qxc1) 34... Rc2 $3 $19 {[%emt 0:00:08][%mdl 576] Skewer, Deflection, Double Attack} 35. Qf4 (35. f4 Bxf2+) 35... Bxf2+ {[%emt 0:00:06] This pair of bishops is nice.} 36. Kh1 Qe7 (36... Rxb2 $2 37. Qxf7+ Kh8 38. Qxg6 $18) 37. Bxf7 Bc5 {[%emt 0:00:06] ( -> ...Bg2+)} 38. Bd5 Bg2+ {[%emt 0:00:01] Black mates.} 39. Kh2 Bxf3+ 40. Rd2 Qe5 {[%emt 0:00:04] Ingenious play by Sevian!   Weighted Error Value: White=1.09/Black=0.37} 0-1